 Dungeon Crawl Stone Soup version 0.17-a0-1572-g7a1422d (webtiles) character file.

1075 nrokreffefp the Arsonist (level 8, -3/57 HPs)
             Began as a Yellow Draconian Fire Elementalist on July 25, 2015.
             Was a Follower of Vehumet.
             Slain by an ogre
             ... wielding a +0 giant club
              (21 damage)
             ... on level 6 of the Dungeon.
             The game lasted 00:44:33 (5855 turns).

nrokreffefp the Arsonist (DrFE)                     Turns: 5855, Time: 00:44:33

Health: -3/57      AC: 10    Str: 10    XL:     8   Next: 8%
Magic:  9/12       EV:  7    Int: 18    God:    Vehumet [*.....]
Gold:   328        SH:  0    Dex: 12    Spells: 3 memorised, 4 levels left

rFire  . . .     SeeInvis .     H - +5 quarterstaff (chaos)
rCold  . . .     Clarity  +     (armour unavailable)
rNeg   . . .     SustAt   .     (no shield)
rPois  .         Gourm    .     (helmet restricted)
rElec  .         Spirit   .     I - +0 cloak
rCorr  +         Warding  .     l - +2 pair of gloves
rMut   .         Stasis   .     (no boots)
MR     .....                    t - amulet of clarity
Stlth  ++........               (no ring)
                                u - ring of wizardry

@: very slightly contaminated, hasted, very quick, not resistant to hostile
enchantments, unstealthy
A: spit acid, acid resistance, unfitting armour, cold-blooded, AC +6
a: Spit Acid, Renounce Religion


You were on level 6 of the Dungeon.
You worshipped Vehumet.
Vehumet was aware of your devotion.
You were not hungry.

You visited 1 branch of the dungeon, and saw 6 of its levels.

You collected 328 gold pieces.

Inventory:

Hand weapons
 q - a +2 dagger of venom
 F - the +4 short sword of Sociust {pierce, MR- Int+5, unknown}
   (You found it on level 5 of the Dungeon)

   It inflicts extra damage upon your enemies.
   It affects your intelligence (+5).
   It affects your resistance to hostile enchantments.
 H - a +5 quarterstaff of chaos (weapon)
Missiles
 n - 104 stones (quivered)
Armour
 l - a +2 pair of gloves (worn)
 v - a +2 robe of the Archmagi
 I - a +0 cloak (worn)
Jewellery
 t - an amulet of clarity (around neck)
 u - a ring of wizardry (left hand)
 J - an uncursed ring of loudness
Magical devices
 D - a wand of slowing (10)
 G - a wand of enslavement (23)
Scrolls
 c - 3 scrolls of teleportation
 f - 3 scrolls of immolation
 k - a scroll of blinking
 o - a scroll of enchant armour
 w - a scroll of amnesia
 x - a scroll of recharging
 y - a scroll of remove curse
Potions
 e - a potion of haste
 g - a potion of agility {unknown}
 h - 3 potions of magic
 j - a potion of heal wounds
 m - 3 potions of curing
 p - a potion of cancellation
 r - a potion of might
 s - a potion of invisibility {unknown}
 z - a potion of flight {unknown}
 A - a potion of beneficial mutation {unknown}
 B - a potion of lignification {unknown}
 E - a potion of mutation {unknown}
Books
 a - a book of Flames

   Spells                             Type                      Level
   a - Flame Tongue                   Conjuration/Fire             1
   b - Throw Flame                    Conjuration/Fire             2
   c - Conjure Flame                  Conjuration/Fire             3
   d - Inner Flame                    Hexes/Fire                   3
   e - Sticky Flame                   Conjuration/Fire             4
   f - Fireball                       Conjuration/Fire             5
Comestibles
 b - 2 bread rations
 d - 2 meat rations
 i - a beef jerky
 C - a royal jelly
 K - 3 chunks of flesh


   Skills:
 - Level 0.5 Throwing
 - Level 2.6 Dodging
 - Level 2.0 Stealth
 - Level 2.6 Spellcasting
 - Level 1.2 Conjurations
 + Level 9.3 Fire Magic


You had 4 spell levels left.
You knew the following spells:

 Your Spells              Type           Power        Failure   Level  Hunger
a - Flame Tongue          Conj/Fire      ###..        1%          1    #......
b - Conjure Flame         Conj/Fire      ###.....     4%          3    ###....
c - Sticky Flame          Conj/Fire      ###.....     10%         4    #####..


Dungeon Overview and Level Annotations

Branches:
Dungeon (6/15)             Temple (0/1) D:5

Altars:
Makhleb
Nemelex Xobeh
Okawaru
Vehumet
Xom
Zin

Shops:
D:4 !=[}   D:5 !:


Innate Abilities, Weirdness & Mutations

You can spit globs of acid.
You are resistant to acid.
Your golden yellow scales are hard (AC +6).
Your body does not fit into most forms of armour.
You are cold-blooded and may be slowed by cold attacks.


Message History

Casting: Flame Tongue
Confirm with . or Enter, or press ? or * to list all spells.
Okay, then.
You thump the ogre!
The ogre flickers and vanishes!
Deactivating autopickup; reactivate with Ctrl-A.
Something hits you.
Casting: Flame Tongue
Confirm with . or Enter, or press ? or * to list all spells.
Aiming: Conjure Flame
Press: ? - help, Dir - move target cursor You see a ghostly outline there, and the spell fizzles.
Something hits you!! Something hits you!
* * * LOW HITPOINT WARNING * * *
There is a stone staircase leading up here.
Drink which item? (? for menu, Esc to quit)
You feel yourself speed up.
You are very lightly contaminated with residual magic.
Something hits you!!
You die...

.....###.###.#...'. ...#
#.# #.+...#.
####+.###'###.#'###.
#.....†.'_'...#.####
#.....#######...'...
#.....# ### #...#...
+...>.#######...#...
#...............#...
##..@...#...####.####
####+#......###'#####.####
#....#......#.......#....#
+....#......#.......#....#
#....'......#.......#....#
#....#......+.......+....'
.###+##......###'##+####.##
........###'#..........#.##
........#...#..........#...


There were no monsters in sight!

Vanquished Creatures
  A water moccasin (D:5)
  An ogre (D:4)
  A scorpion (D:4)
  A crimson imp (D:6)
  A hound (D:5)
  Crazy Yiuf (D:5)
  A centaur skeleton (D:5)
  3 orc priests (D:4)
  3 orc wizards
  6 worker ants
  An iguana (D:5)
  Robin (D:2)
  3 gnolls
  15 adders
  A river rat (D:5)
  2 oozes
  5 worms
  2 adder skeletons
  7 giant geckos
  10 orcs
  4 ball pythons
  13 bats
  18 hobgoblins
  3 jackals
  12 kobolds
  2 quokkas
  8 giant cockroaches
  A giant gecko zombie (D:5)
  5 giant newts
  13 goblins
  A quokka skeleton (D:4)
  A quokka zombie (D:5)
  16 rats
163 creatures vanquished.

Notes
Turn   | Place    | Note
--------------------------------------------------------------
     0 | D:1      | nrokreffefp the Draconian Fire Elementalist began the quest for the Orb.
     0 | D:1      | Reached XP level 1. HP: 14/14 MP: 3/3
   256 | D:1      | Reached XP level 2. HP: 20/20 MP: 3/5
   619 | D:2      | Found a burning altar of Makhleb.
   667 | D:2      | Reached XP level 3. HP: 20/26 MP: 1/6
   936 | D:2      | Reached XP level 4. HP: 31/33 MP: 3/8
  1027 | D:2      | Noticed Robin
  1092 | D:2      | Killed Robin
  1326 | D:2      | Reached skill level 4 in Fire Magic
  1728 | D:3      | Reached XP level 5. HP: 25/38 MP: 5/9
  1951 | D:3      | Reached skill level 5 in Fire Magic
  2478 | D:3      | Found a glowing silver altar of Zin.
  2833 | D:4      | Noticed an orc warrior
  2836 | D:4      | Reached skill level 6 in Fire Magic
  2836 | D:4      | Reached XP level 6. HP: 42/45 MP: 3/10
  3442 | D:4      | Noticed an ogre
  3453 | D:4      | Killed an ogre
  3460 | D:4      | Found Hozaruv's Antique Armour Emporium.
  3461 | D:4      | Found a radiant altar of Vehumet.
  3630 | D:4      | Found a shimmering altar of Xom.
  3672 | D:4      | Found an iron altar of Okawaru.
  3842 | D:4      | Reached skill level 7 in Fire Magic
  3846 | D:4      | Your scales start taking on a golden yellow colour.
  3846 | D:4      | Reached XP level 7. HP: 42/50 MP: 3/11
  4254 | D:4      | Found Loyseil's Gadget Emporium.
  4384 | D:4      | Found Nogarhyses's Jewellery Shop.
  4391 | D:4      | Found Juselobo's Distillery.
  4455 | D:4      | Became a worshipper of Vehumet
  4469 | D:5      | Entered Level 5 of the Dungeon
  4499 | D:5      | Found Agheank's Distillery.
  4542 | D:5      | Reached skill level 8 in Fire Magic
  4563 | D:5      | Found a staircase to the Ecumenical Temple.
  4797 | D:5      | Noticed Crazy Yiuf
  4805 | D:5      | Killed Crazy Yiuf
  4886 | D:5      | Learned a level 3 spell: Conjure Flame
  4974 | D:5      | Reached skill level 9 in Fire Magic
  4998 | D:5      | Learned a level 4 spell: Sticky Flame
  5041 | D:5      | Found Ryintuqa's Book Shoppe.
  5274 | D:5      | Got an iridescent short sword
  5276 | D:5      | Reached XP level 8. HP: 57/57 MP: 9/12
  5348 | D:5      | Acquired Vehumet's first power
  5348 | D:5      | Offered knowledge of Sandblast by Vehumet.
  5797 | D:6      | Found a sparkling altar of Nemelex Xobeh.
  5855 | D:6      | Slain by an ogre

Vault maps used:
D:1:      roderic_crossed_star
D:2:      bloody_makhleb, first_bread, uniq_robin
D:3:      lemuel_crystal_altar, minmay_divided_ellipse
D:4:      xom_butterflies, okawaru_gym_becter, vehumet_crystals, serial_shops,
          shop, shop, shop, kennysheep_mini, minmay_surrounded
D:5:      temple_green, serial_shops, shop, nicolae_shop_window_shopping,
          gup_sewer_entry_spiral, uniq_crazy_yiuf_cottage
D:6:      nicolae_overflow_crystal_walls, lemuel_doored_altar

Action                   |  1- 3 |  4- 6 |  7- 9 || total
-------------------------+-------+-------+-------++-------
Melee: Unarmed           |    48 |    11 |       ||    59
       Dagger            |       |   143 |    34 ||   177
       Quarterstaff      |       |       |    64 ||    64
Throw: Stone             |    18 |    92 |    58 ||   168
 Cast: Flame Tongue      |    54 |   128 |    71 ||   253
       Conjure Flame     |       |       |     3 ||     3
 Abil: Spit Acid         |       |       |     2 ||     2
  Use: Scroll            |       |     6 |     8 ||    14
       Potion            |       |     1 |     1 ||     2
 Stab: Sleeping          |       |       |     1 ||     1
  Eat: Chunk             |     1 |     6 |     7 ||    14
       Bread ration      |       |     1 |       ||     1
